 Dungeon Crawl Stone Soup version 0.31-a0-216-g22e908daa7 (webtiles) character file.

Game seed: 8565813770482916151

13741 qw the Marksminotaur (level 11, -3/99 HPs)
             Began as a Minotaur Hexslinger on July 1, 2023.
             Was an Elder of Okawaru.
             Slain by a yak (11 damage)
             ... on level 1 of the Lair of Beasts.
             The game lasted 00:03:59 (11413 turns).

qw the Marksminotaur (Minotaur Hexslinger)         Turns: 11413, Time: 00:03:59

Health: -3/99      AC: 13    Str: 12    XL:     11   Next: 79%
Magic:  15/16      EV: 16    Int: 10    God:    Okawaru [****..]
Gold:   202        SH:  0    Dex: 18    Spells: 11/12 levels left

rFire   . . .        Y - +1 arbalest
rCold   . . .        (shield currently unavailable)
rNeg    . . .        h - +3 ring mail
rPois   .            (helmet restricted)
rElec   .            (no cloak)
rCorr   .            (no gloves)
SInv    .            (no boots)
Will    .....        (no amulet)
Stlth   ++           d - +4 ring of protection
HPRegen 0.36/turn    m - +4 ring of slaying {mikee}
MPRegen 0.15/turn

%: no passive effects
@: heroic
A: horns 2, retaliatory headbutt
a: Renounce Religion, Heroism, Finesse


You were on level 1 of the Lair of Beasts.
You worshipped Okawaru.
Okawaru was greatly pleased with you.
You visited 2 branches of the dungeon, and saw 11 of its levels.
You also visited: Sewer.

You collected 682 gold pieces.
You spent 480 gold pieces at shops.


Innate Abilities, Weirdness & Mutations

You have a pair of horns on your head.
You reflexively headbutt those who attack you in melee.


   Skills:
 - Level 10.1(15.1) Fighting
 - Level 15.0(20.0) Ranged Weapons
 + Level 3.1(8.1) Armour
 - Level 6.0(11.0) Dodging
 - Level 1.0 Spellcasting
 - Level 2.0 Hexes
 + Level 8.7 Invocations


You had 11 spell levels left.
You knew the following spells:

 Your Spells              Type           Power      Damage    Failure   Level
a - Slow                  Hex            16%        N/A       30%         1

Your spell library contained the following spells:

 Spells                   Type           Power      Damage    Failure   Level
 Inner Flame              Hex/Fire       2%         N/A       80%         3
 Portal Projectile        Hex/Tloc       4%         N/A       80%         3
 Cause Fear               Hex            2%         N/A       96%         4

Inventory:

Hand Weapons
 Y - a +1 arbalest (weapon)
Armour
 f - a +0 cloak
 h - a +3 ring mail (worn)
 i - a +0 pair of gloves
 k - a +1 hat of stealth
Jewellery
 b - a ring of resist corrosion
 d - a +4 ring of protection (left hand)
 g - an amulet of the acrobat
 m - a +4 ring of slaying (right hand) {mikee}
 p - an amulet of regeneration
Scrolls
 a - 6 scrolls of identify
 j - 2 scrolls of enchant armour
Potions
 c - 2 potions of might
 e - 3 potions of haste
 l - 3 potions of mutation

Dungeon Overview and Level Annotations

Branches:
Dungeon (10/15)            Temple (0/1) D:6            Lair (1/5) D:10
    Orc (0/2) D:10          Sewer (visited)

Altars:
Elyvilon
Nemelex Xobeh
Okawaru
Ru
Sif Muna
Trog
Uskayaw
Wu Jian

Shops:
D:1 [   D:8 =

Annotations:
D:4 1 runed translucent door, Crazy Yiuf
D:10 3 runed translucent doors, qw's ghost, journeyman GrFi


Message History

Okawaru will no longer gift you equipment.
A nearby plant withers and dies.
The komodo dragon closely misses you. The yak gores you but does no damage.
The yak misses you. You furiously retaliate!
You headbutt the yak. You shoot a bolt. The bolt hits the yak!
You kill the yak!
Okawaru accepts your kill.
The komodo dragon completely misses you.
The basilisk bites you but does no damage.
The yak gores you.
You shoot a bolt. The bolt hits the basilisk!!
You kill the basilisk!
Okawaru accepts your kill. The komodo dragon bites you. The yak gores you.
The yak gores you but does no damage.
Your base Ranged Weapons skill increases to level 15!
You shoot a bolt. The bolt hits the yak!
The yak is heavily wounded.
The komodo dragon bites you. The yak gores you! The yak completely misses you.
The yak misses you. The komodo dragon barely misses you.
You shoot a bolt. The bolt barely misses the yak.
The yak gores you. The yak gores you! The yak closely misses you.
You furiously retaliate!
You headbutt the yak! The komodo dragon bites you!!
You shoot a bolt.
The bolt hits the yak but does no damage.
The yak is severely wounded.
The yak closely misses you. The yak gores you but does no damage.
The yak gores you! The komodo dragon bites you!
You shoot a bolt. The bolt barely misses the yak.
The bolt hits the polar bear!!
The polar bear is heavily wounded.
The yak misses you. You furiously retaliate!
You headbutt the yak! The yak barely misses you. The yak closely misses you.
The komodo dragon bites you but does no damage.
You shoot a bolt. The bolt barely misses the yak.
The bolt hits the polar bear!!!
You kill the polar bear!
Okawaru accepts your kill. The yak barely misses you. The yak misses you.
You furiously retaliate!
You headbutt the yak. The yak gores you!
You die...

##..# .....#~P~P~~ #...#
#..#..PP~~~~P~~~
###..####..#.#P~~~~~~~~~
.............~~P~~~P~~~~
.......%%%....P~~P~PSP~~
.......%......~..P....P~
...<............%.......
.##..####..#/..YYl......
...... #..##...@Y#.
..............##........
..##~PP......###..#.....
.##~~~~....... ...# [...
..#~~~#......# P... ...
.##~~~#.#.^..##...#. ..
# #.... ....... . ##...
##... ..


You could see a komodo dragon, 3 yaks and an electric eel.

Vanquished Creatures
  Gastronok (D:8)
  Erica (D:9)
  3 two-headed ogres (D:9)
  Pikel (D:9)
  Joseph (D:7)
  A cane toad (Lair:1)
  Maggie (D:6)
  A rime drake (D:10)
  2 polar bears
  Grinder (D:6)
  Sigmund (D:5)
  A shadow (D:10)
  21 yaks
  A vampire (D:9)
  A basilisk (Lair:1)
  3 water moccasins
  5 ice beasts
  3 orc warriors
  A sky beast (D:8)
  A black bear (D:5)
  8 wolves
  An ogre (D:6)
  4 centaurs
  3 lemures (D:9)
  3 phantoms
  A kobold brigand (D:9)
  5 bullfrogs
  2 scorpions (D:6)
  12 wights
  4 killer bees (D:9)
  3 howler monkeys
  An electric eel (D:6)
  3 hounds
  A jelly (D:6)
  2 orc priests (D:8)
  3 sleepcaps
  Ijyb (D:4)
  4 iguanas
  5 orc wizards
  3 gnolls (D:6)
  9 adders
  3 river rats (Sewer)
  2 shadow imps
  2 white imps
  4 ufetubi
  4 worms
  A dart slug (D:2)
  22 orcs
  17 ball pythons
  6 bats
  9 endoplasms
  5 giant cockroaches
  12 goblins
  4 hobgoblins
  4 jackals (D:1)
  8 kobolds
  11 quokkas
  6 frilled lizards
  30 rats
279 creatures vanquished.

Notes
Turn   | Place    | Note
-------+----------+-------------------------------------------
     0 | D:1      | qw the Minotaur Hexslinger began the quest for the Orb.
     0 | D:1      | Reached XP level 1. HP: 16/16 MP: 1/1
     0 | D:1      | 0 ||| qw: Version: 0.3-a-35-g05ef00e
     0 | D:1      | 0 ||| qw: Game counter: 7754
     0 | D:1      | 0 ||| qw: Melee chars always use a shield: true
     0 | D:1      | 0 ||| qw: God list: Okawaru
     0 | D:1      | 0 ||| qw: Allow faded altars: false
     0 | D:1      | 0 ||| qw: Do Orc after clearing Dungeon:15 true
     0 | D:1      | 0 ||| qw: Do second Lair branch before Depths: true
     0 | D:1      | 0 ||| qw: Lair rune preference: random
     0 | D:1      | 0 ||| qw: Goals: Normal
     0 | D:1      | 0 ||| PLANNING D:1-11
    45 | D:1      | Found Behuf's Armour Shoppe.
    54 | D:1      | 54 ||| SHOPLISTING +0 pair of boots (45 gold, have 0).
    54 | D:1      | 54 ||| SHOPLISTING +0 ring mail (40 gold, have 0).
    54 | D:1      | 54 ||| SHOPLISTING +0 ring mail "Ymamull" {rPois Str+3}
                  | (215 gold, have 0).
   263 | D:1      | Reached skill level 3 in Ranged Weapons
   288 | D:1      | Reached XP level 2. HP: 23/23 MP: 2/2
   435 | D:1      | You fall into a shaft and drop 1 floor!
   472 | D:2      | 472 ||| READING scroll labelled MONEGO ILER.
   473 | D:2      | 473 ||| READING scroll labelled JAXKOS MATOJIE.
   474 | D:2      | 474 ||| READING scroll labelled JIEJUU EXKI.
   475 | D:2      | 475 ||| DROPPING scroll of poison.
   709 | D:1      | Reached XP level 3. HP: 29/29 MP: 3/3
   934 | D:1      | 934 ||| READING scroll labelled ROATE FYQOR.
  1126 | D:2      | Reached skill level 4 in Ranged Weapons
  1651 | D:2      | 1651 ||| SWAPPING to +0 arbalest.
  1653 | D:2      | 1653 ||| DROPPING +2 sling.
  1788 | D:2      | 1788 ||| UPGRADING to +0 ring mail.
  1798 | D:2      | 1798 ||| DROPPING +0 robe.
  1799 | D:2      | 1799 ||| READING scroll labelled ANWYZXIKEA.
  1800 | D:2      | 1800 ||| READING 3 scrolls of identify.
  1800 | D:2      | 1800 ||| IDENTIFYING viscous red potion
  1801 | D:2      | 1801 ||| READING 2 scrolls of identify.
  1801 | D:2      | 1801 ||| IDENTIFYING blue potion
  1802 | D:2      | 1802 ||| DROPPING potion of attraction.
  1825 | D:3      | Identified the +0 ring mail "Ciliuv" {rN++}
  1852 | D:3      | Reached skill level 1 in Armour
  1852 | D:3      | Reached XP level 4. HP: 27/36 MP: 4/4
  2073 | D:3      | Reached skill level 5 in Ranged Weapons
  2263 | D:3      | 2263 ||| UPGRADING to +0 ring mail "Ciliuv" {rN++}.
  2273 | D:3      | 2273 ||| DROPPING +0 ring mail.
  2274 | D:3      | 2274 ||| UPGRADING to +3 ring mail.
  2284 | D:3      | 2284 ||| DROPPING +0 ring mail "Ciliuv" {rN++}.
  2285 | D:3      | 2285 ||| UPGRADING to +4 ring of protection.
  2304 | D:4      | 2304 ||| PLANNING SEWER
  2304 | D:4      | Noticed Ijyb
  2307 | D:4      | Killed Ijyb
  2308 | D:4      | Reached XP level 5. HP: 44/44 MP: 5/5
  2325 | D:4      | Reached skill level 3 in Fighting
  2438 | D:4      | Found a sparkling altar of Nemelex Xobeh.
  2481 | D:4      | Noticed a phantom
  2483 | D:4      | Killed a phantom
  2484 | D:4      | Reached skill level 6 in Ranged Weapons
  2484 | D:4      | Reached XP level 6. HP: 51/51 MP: 6/6
  2612 | D:4      | Found a hide-covered altar of Uskayaw.
  2655 | D:4      | Found a sacrificial altar of Ru.
  2766 | D:4      | Found a glowing drain.
  2778 | D:4      | 2778 ||| READING scroll labelled ANAQ WUZXAYNT.
  2779 | D:4      | 2779 ||| DRINKING 2 silvery potions.
  2789 | Sewer    | Entered a sewer
  2802 | Sewer    | 2802 ||| Stepping ~*~*~tactically~*~*~ (water).
  2805 | Sewer    | 2805 ||| Stepping ~*~*~tactically~*~*~ (water).
  2818 | Sewer    | 2818 ||| Stepping ~*~*~tactically~*~*~ (water).
  3011 | Sewer    | Reached skill level 7 in Ranged Weapons
  3014 | Sewer    | HP: 13/52 [bullfrog (1)]
  3015 | Sewer    | 3015 ||| DRINKING 2 potions of heal wounds.
  3020 | Sewer    | Reached XP level 7. HP: 28/59 MP: 7/7
  3147 | Sewer    | 3147 ||| READING scroll of enchant weapon.
  3147 | Sewer    | 3147 ||| ENCHANTING +0 arbalest.
  3150 | Sewer    | 3150 ||| READING scroll labelled XOUDAOQECE.
  3155 | Sewer    | 3155 ||| READING scroll labelled ROKHAR BINWO.
  3156 | Sewer    | 3156 ||| DRINKING 5 fizzy white potions.
  3157 | Sewer    | 3157 ||| DRINKING 3 fizzy pink potions.
  3262 | Sewer    | 3262 ||| DROPPING 4 potions of invisibility.
  3263 | Sewer    | 3263 ||| DROPPING 2 potions of berserk rage.
  3266 | D:4      | 3266 ||| PLANNING D:1-11
  3428 | D:4      | Identified the +9 hand axe "Zecweuk" {antimagic, rF- rC+
                  | Dex+8 Stlth+}
  3589 | D:4      | Found a runed translucent door.
  3590 | D:4      | Noticed Crazy Yiuf
  3768 | D:5      | Entered Level 5 of the Dungeon
  3786 | D:5      | Reached skill level 8 in Ranged Weapons
  4435 | D:5      | Noticed Sigmund
  4437 | D:5      | Killed Sigmund
  4445 | D:5      | Reached skill level 9 in Ranged Weapons
  4498 | D:5      | 4498 ||| FLEEEEING.
  4501 | D:5      | 4501 ||| FLEEEEING.
  4503 | D:5      | 4503 ||| FLEEEEING.
  4504 | D:5      | 4504 ||| FLEEEEING.
  4505 | D:5      | 4505 ||| FLEEEEING.
  4506 | D:5      | 4506 ||| FLEEEEING.
  4548 | D:5      | Found a bloodstained altar of Trog.
  5035 | D:5      | Found an iron altar of Okawaru.
  5036 | D:5      | 5036 ||| PLANNING OKAWARU WORSHIP
  5036 | D:5      | 5036 ||| UPGRADING to +4 ring of slaying {mikee}.
  5037 | D:5      | 5037 ||| DRINKING 2 fizzy yellow potions.
  5038 | D:5      | 5038 ||| DROPPING potion of degeneration.
  5045 | D:5      | Became a worshipper of Warmaster Okawaru
  5046 | D:5      | 5046 ||| PLANNING D:1-11
  5144 | D:6      | Reached XP level 8. HP: 68/68 MP: 8/8
  5147 | D:6      | 5147 ||| READING 2 scrolls of identify.
  5147 | D:6      | 5147 ||| IDENTIFYING murky green potion
  5148 | D:6      | 5148 ||| DROPPING potion of lignification.
  5152 | D:6      | 5152 ||| FLEEEEING.
  5153 | D:6      | 5153 ||| FLEEEEING.
  5154 | D:6      | 5154 ||| FLEEEEING.
  5155 | D:6      | 5155 ||| FLEEEEING.
  5232 | D:6      | 5232 ||| FLEEEEING.
  5233 | D:6      | 5233 ||| FLEEEEING.
  5234 | D:6      | 5234 ||| FLEEEEING.
  5235 | D:6      | 5235 ||| FLEEEEING.
  5236 | D:6      | 5236 ||| FLEEEEING.
  5237 | D:6      | 5237 ||| FLEEEEING.
  5238 | D:6      | 5238 ||| FLEEEEING.
  5239 | D:6      | 5239 ||| FLEEEEING.
  5240 | D:6      | 5240 ||| FLEEEEING.
  5241 | D:6      | 5241 ||| FLEEEEING.
  5242 | D:6      | 5242 ||| FLEEEEING.
  5243 | D:6      | 5243 ||| FLEEEEING.
  5244 | D:6      | 5244 ||| FLEEEEING.
  5352 | D:6      | 5352 ||| FLEEEEING.
  5353 | D:6      | 5353 ||| FLEEEEING.
  5354 | D:6      | 5354 ||| FLEEEEING.
  5355 | D:6      | 5355 ||| FLEEEEING.
  5356 | D:6      | 5356 ||| FLEEEEING.
  5357 | D:6      | 5357 ||| FLEEEEING.
  5358 | D:6      | 5358 ||| FLEEEEING.
  5359 | D:6      | 5359 ||| FLEEEEING.
  5360 | D:6      | 5360 ||| FLEEEEING.
  5361 | D:6      | 5361 ||| FLEEEEING.
  5459 | D:6      | Found a white marble altar of Elyvilon.
  5521 | D:6      | Reached skill level 6 in Fighting
  5656 | D:6      | Noticed Grinder
  5664 | D:6      | Killed Grinder
  5664 | D:6      | Reached * piety under Okawaru
  5665 | D:6      | Reached skill level 10 in Ranged Weapons
  5804 | D:6      | Reached skill level 3 in Dodging
  5804 | D:6      | Reached skill level 1 in Invocations
  5900 | D:6      | Found a staircase to the Ecumenical Temple.
  6010 | D:6      | 6010 ||| INVOKING Heroism.
  6021 | D:6      | Reached skill level 3 in Invocations
  6071 | D:6      | Noticed Maggie
  6079 | D:6      | 6079 ||| INVOKING Heroism.
  6083 | D:6      | Killed Maggie
  6083 | D:6      | Reached ** piety under Okawaru
  6084 | D:6      | Reached XP level 9. HP: 32/79 MP: 7/10
  6089 | D:6      | 6089 ||| FLEEEEING.
  6090 | D:6      | 6090 ||| FLEEEEING.
  6091 | D:6      | 6091 ||| FLEEEEING.
  6092 | D:6      | 6092 ||| FLEEEEING.
  6093 | D:6      | 6093 ||| FLEEEEING.
  6094 | D:6      | 6094 ||| FLEEEEING.
  6095 | D:6      | 6095 ||| FLEEEEING.
  6096 | D:6      | 6096 ||| FLEEEEING.
  6097 | D:6      | 6097 ||| FLEEEEING.
  6099 | D:6      | 6099 ||| FLEEEEING.
  6100 | D:6      | 6100 ||| INVOKING Heroism.
  6102 | D:6      | 6102 ||| FLEEEEING.
  6103 | D:6      | 6103 ||| FLEEEEING.
  6104 | D:6      | 6104 ||| FLEEEEING.
  6105 | D:6      | 6105 ||| STAIRDANCE
  6260 | D:5      | 6260 ||| DROPPING +6 ring of strength.
  6261 | D:5      | 6261 ||| READING 4 scrolls of identify.
  6261 | D:5      | 6261 ||| IDENTIFYING murky sapphire potion
  6262 | D:5      | 6262 ||| READING 3 scrolls of identify.
  6262 | D:5      | 6262 ||| IDENTIFYING fizzy emerald potion
  6263 | D:5      | 6263 ||| READING 2 scrolls of identify.
  6263 | D:5      | 6263 ||| IDENTIFYING lumpy puce potion
  6264 | D:5      | 6264 ||| DROPPING potion of brilliance.
  6265 | D:5      | 6265 ||| DROPPING potion of ambrosia.
  6497 | D:7      | Noticed Joseph
  6501 | D:7      | 6501 ||| INVOKING Heroism.
  6510 | D:7      | Killed Joseph
  6558 | D:7      | 6558 ||| INVOKING Heroism.
  6853 | D:7      | Found a flagged portal.
  7058 | D:7      | Reached skill level 11 in Ranged Weapons
  7375 | D:8      | Reached skill level 12 in Ranged Weapons
  7377 | D:8      | 7377 ||| INVOKING Heroism.
  7383 | D:8      | Reached *** piety under Okawaru
  7384 | D:8      | Reached XP level 10. HP: 51/88 MP: 9/12
  7388 | D:8      | Reached skill level 3 in Armour
  7639 | D:8      | Noticed Gastronok
  7640 | D:8      | 7640 ||| INVOKING Heroism.
  7651 | D:8      | Killed Gastronok
  7652 | D:8      | Reached skill level 13 in Ranged Weapons
  7653 | D:8      | Reached **** piety under Okawaru
  7774 | D:8      | 7774 ||| Stepping ~*~*~tactically~*~*~ (outnumbered).
  7889 | D:8      | 7889 ||| INVOKING Heroism.
  8048 | D:8      | Found Meuteqoe's Jewellery Shop.
  8057 | D:8      | 8057 ||| SHOPLISTING +5 ring of evasion (576 gold, have
                  | 549).
  8057 | D:8      | 8057 ||| SHOPLISTING +6 ring of dexterity (576 gold, have
                  | 549).
  8057 | D:8      | 8057 ||| SHOPLISTING amulet "Jirchy" {Reflect Harm Dex+3
                  | SH+5} (692 gold, have 549).
  8057 | D:8      | 8057 ||| BUYING amulet of regeneration (480 gold).
  8057 | D:8      | Bought an amulet of regeneration for 480 gold pieces
  8057 | D:8      | 8057 ||| SHOPLISTING ring of Wiumi {Wiz Int+3 Dex+5} (860
                  | gold, have 69).
  8362 | D:8      | 8362 ||| INVOKING Heroism.
  8363 | D:8      | 8363 ||| Stepping ~*~*~tactically~*~*~ (outnumbered).
  8517 | D:8      | 8517 ||| READING scroll labelled SAGREY YMYFE.
  8574 | D:9      | Noticed Pikel
  8582 | D:9      | 8582 ||| INVOKING Heroism.
  8584 | D:9      | Killed Pikel
  8585 | D:9      | Reached skill level 9 in Fighting
  9118 | D:9      | Noticed a two-headed ogre
  9119 | D:9      | 9119 ||| INVOKING Heroism.
  9125 | D:9      | Killed a two-headed ogre
  9461 | D:9      | Noticed Erica
  9462 | D:9      | Reached XP level 11. HP: 95/99 MP: 14/14
  9462 | D:9      | 9462 ||| INVOKING Heroism.
  9469 | D:9      | Reached skill level 14 in Ranged Weapons
  9472 | D:9      | Reached skill level 6 in Invocations
  9479 | D:9      | HP: 13/99 [yak (13)]
  9480 | D:9      | 9480 ||| READING scroll of teleportation.
  9480 | D:9      | HP: 1/99 [yak (7)]
  9481 | D:9      | 9481 ||| DRINKING potion of heal wounds.
  9610 | D:9      | 9610 ||| INVOKING Heroism.
  9614 | D:9      | Killed Erica
  9615 | D:9      | Reached skill level 6 in Dodging
  9774 | D:9      | 9774 ||| INVOKING Heroism.
  9911 | D:9      | 9911 ||| DROPPING ring of ice.
  9912 | D:9      | 9912 ||| READING scroll labelled NOPRIF BETTA.
  9913 | D:9      | 9913 ||| READING scroll labelled KUDAEK URPHYFI.
  9914 | D:9      | 9914 ||| READING scroll labelled APUAFOXTEU.
  9941 | D:10     | Entered Level 10 of the Dungeon
  9941 | D:10     | Noticed an 11-headed hydra
  9941 | D:10     | Noticed qw's ghost (journeyman GrFi)
  9941 | D:10     | Found a runed translucent gate.
  9941 | D:10     | Found a runed translucent gate.
  9941 | D:10     | Found a runed translucent gate.
  9949 | D:10     | 9949 ||| FLEEEEING.
  9950 | D:10     | 9950 ||| FLEEEEING.
  9951 | D:10     | 9951 ||| FLEEEEING.
  9952 | D:10     | 9952 ||| FLEEEEING.
  9953 | D:10     | 9953 ||| STAIRDANCE
  9957 | D:10     | 9957 ||| STAIRDANCE
  9963 | D:9      | 9963 ||| INVOKING Heroism.
 10083 | D:10     | 10083 ||| STAIRDANCE
 10128 | D:10     | 10128 ||| STAIRDANCE
 10172 | D:10     | Noticed a two-headed ogre
 10173 | D:10     | 10173 ||| INVOKING Heroism.
 10179 | D:10     | 10179 ||| STAIRDANCE
 10181 | D:9      | HP: 24/96 [two-headed ogre/+0 giant spiked club (10)]
 10184 | D:9      | HP: 11/96 [two-headed ogre/+0 giant spiked club (13)]
 10188 | D:9      | HP: 5/96 [two-headed ogre/+0 giant spiked club (7)]
 10190 | D:9      | Killed a two-headed ogre
 10464 | D:10     | Found a staircase to the Lair.
 10487 | D:10     | 10487 ||| INVOKING Heroism.
 10533 | D:10     | Reached ***** piety under Okawaru
 10538 | D:10     | 10538 ||| INVOKING Heroism.
 10572 | D:10     | Noticed a two-headed ogre
 10573 | D:10     | 10573 ||| FLEEEEING.
 10574 | D:10     | 10574 ||| FLEEEEING.
 10575 | D:10     | 10575 ||| FLEEEEING.
 10576 | D:10     | 10576 ||| FLEEEEING.
 10577 | D:10     | 10577 ||| FLEEEEING.
 10578 | D:10     | 10578 ||| FLEEEEING.
 10579 | D:10     | 10579 ||| FLEEEEING.
 10580 | D:10     | 10580 ||| FLEEEEING.
 10581 | D:10     | 10581 ||| FLEEEEING.
 10582 | D:10     | 10582 ||| FLEEEEING.
 10583 | D:10     | 10583 ||| FLEEEEING.
 10584 | D:10     | 10584 ||| FLEEEEING.
 10585 | D:10     | 10585 ||| FLEEEEING.
 10586 | D:10     | 10586 ||| FLEEEEING.
 10587 | D:10     | 10587 ||| STAIRDANCE
 10748 | D:9      | 10748 ||| DROPPING ring of protection from cold.
 10751 | D:10     | 10751 ||| STAIRDANCE
 10753 | D:9      | 10753 ||| INVOKING Heroism.
 10758 | D:9      | HP: 10/99 [two-headed ogre/+0 giant club (17)]
 10759 | D:9      | Killed a two-headed ogre
 11010 | D:10     | Found a staircase to the Orcish Mines.
 11106 | D:10     | Found a shimmering blue altar of Sif Muna.
 11155 | D:10     | Found an ornate altar of the Wu Jian Council.
 11346 | D:10     | 11346 ||| PLANNING LAIR
 11346 | D:10     | 11346 ||| READING scroll labelled WYC DIGAOGYT.
 11366 | Lair:1   | Entered Level 1 of the Lair of Beasts
 11370 | Lair:1   | 11370 ||| INVOKING Heroism.
 11406 | Lair:1   | 11406 ||| INVOKING Heroism.
 11409 | Lair:1   | Reached skill level 15 in Ranged Weapons
 11411 | Lair:1   | HP: 23/99 [yak (10)]
 11411 | Lair:1   | HP: 7/99 [komodo dragon (16)]
 11413 | Lair:1   | Slain by a yak

Levels and vault maps discovered:
D:1:      minmay_arrival_diagonal_passages, layout_basic, serial_shops,
          nicolae_shop_advertising_works [nicolae_subvault_shop_adworks],
          minmay_tromino_i4
D:2:      layout_basic
D:3:      layout_rooms
D:4:      layout_cave_pods, mainiacjoe_overflow_cross_hatched,
          mainiacjoe_overflow_catch_the_wave, portal_sewer_entry_f, minivault_1,
          uniq_ijyb, uniq_crazy_yiuf_cottage
D:5:      layout_layer_cave, nicolae_overflow_crystal_walls,
          mainiacjoe_overflow_alcove_1, uniq_sigmund
D:6:      layout_loops_ring, nicolae_elyvilon_temple_path,
          minmay_temple_entry_antechambers, uniq_maggie, uniq_grinder
D:7:      layout_basic, enter_bailey_5, uniq_joseph
D:8:      layout_basic, serial_shops, shop, uniq_gastronok
D:9:      layout_stronghold, lemuel_flamethrower_1, uniq_erica, uniq_pikel
D:10:     layout_cave_pools, mainiacjoe_overflow_small_starburst,
          nicolae_sif_muna_condensation, hellmonk_lair_entry_icy,
          gammafunk_ghost_hydra_chop
Lair:1:   layout_gridlike, gammafunk_ghost_ooze, st_stairs_3,
          serial_bayou_shore_a, grunt_megastairs_2

Skill      XL: |  1  2  3  4  5  6  7  8  9 10 11 |
---------------+----------------------------------+-----
Ranged Weapons | 3 4 5 6 7 9 10 12 13 15 | 15.0
Fighting       | 2 3 4 5 7 8 9 10 | 10.1
Armour         | 1 2 3 |  3.1
Dodging        | 3 5 6 |  6.0
Invocations    | 3 4 5 8 |  8.7
Spellcasting   | |  1.0
Hexes          | |  2.0

Action                     |  1- 3 |  4- 6 |  7- 9 | 10-12 || total
---------------------------+-------+-------+-------+-------++-------
   Fire: Sling             |    98 |       |       |       ||    98
         Arbalest          |     9 |   171 |   208 |   245 ||   633
 Invoke: Heroism           |       |       |     6 |    15 ||    21
    Use: Scroll            |     7 |     1 |     7 |     6 ||    21
         Potion            |       |     2 |     3 |     1 ||     6
 Armour: Ring mail         |     4 |    86 |    49 |    74 ||   213
  Dodge: Dodged            |    18 |   117 |    55 |   177 ||   367

Table legend:
 A = Non-vault XP
 B = Vault XP
 C = Vault XP percentage of total XP
 D = Non-vault monster count
 E = Vault monster count
 F = Vault count percentage of total count
                 A         B        C        D         E       F
            +---------+---------+-------+---------+---------+-------
      Total |   13597 |    6314 |  31.7 |     199 |      77 |  27.9
            +---------+---------+-------+---------+---------+-------
        D:1 |      43 |       3 |   6.5 |      26 |       2 |   7.1
        D:2 |      40 |       0 |   0.0 |      15 |       0 |   0.0
        D:3 |      96 |       0 |   0.0 |      14 |       0 |   0.0
        D:4 |     231 |      46 |  16.6 |      22 |       6 |  21.4
        D:5 |     329 |     226 |  40.7 |      10 |       1 |   9.1
        D:6 |    1182 |     671 |  36.2 |      26 |       2 |   7.1
        D:7 |     690 |     427 |  38.2 |      13 |       5 |  27.8
        D:8 |    2485 |    1455 |  36.9 |      26 |       1 |   3.7
        D:9 |    5329 |    1582 |  22.9 |      29 |       3 |   9.4
       D:10 |    1465 |    1556 |  51.5 |       9 |       9 |  50.0
     Lair:1 |    1707 |       0 |   0.0 |       9 |       0 |   0.0
      Sewer |       0 |     348 | 100.0 |       0 |      48 | 100.0
            +---------+---------+-------+---------+---------+-------
